NWL (28 & UNDER)
LA CROSSE LOGGERS @ SAN DIEGO SMASHERS
09/17/2027
 
TOP OF THE 1ST
La Crosse Loggers batting - Pitching for San Diego Smashers : LHP Sloan Sanders
Pitching: LHP Sloan Sanders
Batting: RHB Aurelio Cruz 0-0: Swinging Strike
0-1: Ball
1-1: Foul Ball, location: 2F
1-2: Ground out 3-1 (Groundball, 34S)
Batting: SHB Dave Henley 0-0: Ball
1-0: Foul Ball, location: 2F
1-1: Ball
2-1: SINGLE (Groundball, 6MD)
Batting: LHB Ramón Morales 0-0: Swinging Strike
0-1: Foul Ball, location: 2F
0-2: Ball
1-2: Ball
2-2: Foul Ball, location: 2F
2-2: Ball
3-2: Ground out 4-3 (Groundball, 4S)
Dave Henley to second
Batting: RHB Danny Campbell 0-0: Ball
1-0: Swinging Strike
1-1: Ball
2-1: Foul Ball, location: 2F
2-2: Ball
3-2: Hit by Pitch
Batting: LHB Jeff Forsyth 0-0: Ball
1-0: SINGLE (Line Drive, 56)
Dave Henley to third
Danny Campbell to second
Runner from 3rd tries for Home, SAFE, no throw
Batting: RHB Júlio Sánchez 0-0: Ball
1-0: Fielders Choice at 2nd, 6-4 (Groundball, 6)
Top of the 1st over - 1 run(s), 2 hit(s), 0 error(s), 1 left on base; La Crosse 1 - San Diego 0
BOTTOM OF THE 1ST
San Diego Smashers batting - Pitching for La Crosse Loggers : RHP Ray Adams
Pitching: RHP Ray Adams
Batting: LHB Michael Myers 0-0: Foul Ball, location: 2F
0-1: Ball
1-1: Foul Ball, location: 2F
1-2: DOUBLE (Line Drive, 9LM)
Batting: LHB Jaime Icaza 0-0: Ball
1-0: Swinging Strike
1-1: Foul Ball, location: 2F
1-2: Strikes out swinging
Batting: RHB Ricardo Guzmán 0-0: Ball
1-0: Ball
2-0: Called Strike
2-1: Ball
3-1: Base on Balls
Batting: LHB Ken Phillips 0-0: Ball
1-0: SINGLE (Line Drive, 3D)
Michael Myers to third
Ricardo Guzmán to second
Runner from 3rd tries for Home, SAFE, no throw
Batting: RHB Gilberto Guzmán 0-0: Foul Ball, location: 2F
0-1: Ball
1-1: SINGLE (Groundball, 56S) (infield hit)
Ricardo Guzmán to third
Ken Phillips to second
Batting: RHB Larry Turner 0-0: Foul Ball, location: 2F
0-1: Ball
1-1: Fly out, F6 (Line Drive, 6D)
Batting: SHB Walt Rodgers 0-0: Foul Ball, location: 2F
0-1: Ball
1-1: Fly out, F7 (Flyball, 78M)
Bottom of the 1st over - 1 run(s), 3 hit(s), 0 error(s), 3 left on base; La Crosse 1 - San Diego 1
TOP OF THE 2ND
La Crosse Loggers batting - Pitching for San Diego Smashers : LHP Sloan Sanders
Batting: LHB Ralph Cobb 0-0: Foul Ball, location: 2F
0-1: Swinging Strike
0-2: Strikes out swinging
Batting: RHB Manuel Pérez 0-0: Called Strike
0-1: Called Strike
0-2: Ball
1-2: Strikes out swinging
Batting: RHB Robert Acosta 0-0: Ball
1-0: Called Strike
1-1: Called Strike
1-2: Strikes out swinging
Top of the 2nd over - 0 run(s), 0 hit(s), 0 error(s), 0 left on base; La Crosse 1 - San Diego 1
BOTTOM OF THE 2ND
San Diego Smashers batting - Pitching for La Crosse Loggers : RHP Ray Adams
Batting: RHB Manny Torrez 0-0: Called Strike
0-1: Foul Ball, location: 2F
0-2: Fly out, F4 (Popup, 34D)
Batting: RHB Nate Atkinson 0-0: Foul Ball, location: 2F
0-1: Ball
1-1: Swinging Strike
1-2: Strikes out looking
Batting: LHB Michael Myers 0-0: Foul Ball, location: 2F
0-1: Ball
1-1: Called Strike
1-2: Ground out 4-3 (Groundball, 4)
Bottom of the 2nd over - 0 run(s), 0 hit(s), 0 error(s), 0 left on base; La Crosse 1 - San Diego 1
TOP OF THE 3RD
La Crosse Loggers batting - Pitching for San Diego Smashers : LHP Sloan Sanders
Batting: RHB Aurelio Cruz 0-0: Fly out, F9 (Flyball, 89S)
Batting: SHB Dave Henley 0-0: Called Strike
0-1: Ground out 4-3 (Groundball, 34)
Batting: LHB Ramón Morales 0-0: Ground out U3 (Groundball, 34)
Top of the 3rd over - 0 run(s), 0 hit(s), 0 error(s), 0 left on base; La Crosse 1 - San Diego 1
BOTTOM OF THE 3RD
San Diego Smashers batting - Pitching for La Crosse Loggers : RHP Ray Adams
Batting: LHB Jaime Icaza 0-0: Fly out, F9 (Flyball, 9S)
Batting: RHB Ricardo Guzmán 0-0: Ball
1-0: Called Strike
1-1: Called Strike
1-2: Foul Ball, location: 2F
1-2: Ball
2-2: Fly out, F2 (Popup, 3S)
Batting: LHB Ken Phillips 0-0: Called Strike
0-1: Fly out, F4 (Popup, 34D)
Bottom of the 3rd over - 0 run(s), 0 hit(s), 0 error(s), 0 left on base; La Crosse 1 - San Diego 1
TOP OF THE 4TH
La Crosse Loggers batting - Pitching for San Diego Smashers : LHP Sloan Sanders
Batting: RHB Danny Campbell 0-0: Swinging Strike
0-1: Ball
1-1: SINGLE (Groundball, 56D)
Batting: LHB Jeff Forsyth 0-0: Called Strike
0-1: Called Strike
0-2: Grounds into double play, 5-4-3 (Groundball, 56)
Batting: RHB Júlio Sánchez 0-0: Called Strike
0-1: Ball
1-1: Called Strike
1-2: Fly out, F8 (Flyball, 8RD)
Top of the 4th over - 0 run(s), 1 hit(s), 0 error(s), 0 left on base; La Crosse 1 - San Diego 1
BOTTOM OF THE 4TH
San Diego Smashers batting - Pitching for La Crosse Loggers : RHP Ray Adams
Batting: RHB Gilberto Guzmán 0-0: Ball
1-0: Ground out 6-3 (Groundball, 6)
Batting: RHB Larry Turner 0-0: Ball
1-0: Foul Ball, location: 2F
1-1: Ball
2-1: Foul Ball, location: 2F
2-2: Foul Ball, location: 2F
2-2: Ball
3-2: Foul Ball, location: 2F
3-2: Base on Balls
Batting: SHB Walt Rodgers 0-0: Ball
1-0: Called Strike
1-1: Swinging Strike
1-2: Ball
2-2: Foul Ball, location: 2F
2-2: Foul Ball, location: 2F
2-2: Strikes out swinging
Batting: RHB Manny Torrez 0-0: Called Strike
0-1: DOUBLE (Flyball, 89M)
Larry Turner to third
Runner from 3rd tries for Home, SAFE, no throw
Batting: RHB Nate Atkinson 0-0: Swinging Strike
0-1: Swinging Strike
0-2: Ball
1-2: Strikes out swinging
Bottom of the 4th over - 1 run(s), 1 hit(s), 0 error(s), 1 left on base; La Crosse 1 - San Diego 2
TOP OF THE 5TH
La Crosse Loggers batting - Pitching for San Diego Smashers : LHP Sloan Sanders
Batting: LHB Ralph Cobb 0-0: Ball
1-0: Foul Ball, location: 2F
1-1: Swinging Strike
1-2: Strikes out swinging
Batting: RHB Manuel Pérez 0-0: Called Strike
0-1: Ball
1-1: Hit by Pitch
Batting: RHB Robert Acosta 0-0: Called Strike
Manuel Pérez steals 2nd base
0-1: SINGLE (Flyball, 8RS)
Manuel Pérez to third
Batting: RHB Aurelio Cruz 0-0: Called Strike
0-1: Ball
1-1: Ball
2-1: Foul Ball, location: 2F
2-2: Foul Ball, location: 2F
2-2: Ground out 6-3 (Groundball, 6S)
Manuel Pérez scores
Robert Acosta to second
Batting: SHB Dave Henley 0-0: Ball
1-0: Ball
2-0: Foul Ball, location: 2F
2-1: Ball
3-1: Called Strike
3-2: Base on Balls
Batting: LHB Ramón Morales 0-0: Swinging Strike
0-1: Foul Ball, location: 2F
0-2: Foul Ball, location: 2F
0-2: Ball
1-2: Ball
2-2: Foul Ball, location: 2F
2-2: Strikes out looking
Top of the 5th over - 1 run(s), 1 hit(s), 0 error(s), 2 left on base; La Crosse 2 - San Diego 2
BOTTOM OF THE 5TH
San Diego Smashers batting - Pitching for La Crosse Loggers : RHP Ray Adams
Batting: LHB Michael Myers 0-0: Called Strike
0-1: Ball
1-1: Swinging Strike
1-2: Ball
2-2: Ball
3-2: Base on Balls
Pitching: RHP Christian Adkins
Batting: LHB Jaime Icaza 0-0: Ball
1-0: Fly out, F4 (Popup, 3D)
Batting: RHB Ricardo Guzmán 0-0: Called Strike
0-1: Called Strike
0-2: SINGLE (Groundball, 6MD)
Michael Myers to second
Michael Myers to third
Batting: LHB Ken Phillips 0-0: Ball
1-0: Swinging Strike
1-1: Ball
2-1: Foul Ball, location: 2F
2-2: Fly out, F7 (Flyball, 7)
Runner from 3rd tags up, SCORES, no throw
Batting: RHB Gilberto Guzmán 0-0: Ball
1-0: Called Strike
1-1: Ball
2-1: Swinging Strike
2-2: Foul Ball, location: 2F
2-2: Foul Ball, location: 2F
2-2: Foul Ball, location: 2F
2-2: Ball
Ricardo Guzmán steals 2nd base
3-2: Base on Balls
Batting: RHB Larry Turner 0-0: Ball
1-0: SINGLE (Groundball, 4MD)
Ricardo Guzmán to third
Gilberto Guzmán to second
Runner from 3rd tries for Home, SAFE, no throw
Batting: SHB Walt Rodgers 0-0: Ball
1-0: Ball
2-0: Foul Ball, location: 2F
2-1: Swinging Strike
2-2: Reached on error, E5 (Groundball, 56)
Gilberto Guzmán to third
Larry Turner to second
Batting: RHB Manny Torrez 0-0: Ball
1-0: SINGLE (Groundball, 6MD)
Gilberto Guzmán scores
Larry Turner to third
Walt Rodgers to second
Runner from 3rd tries for Home, SAFE, throw made home
Walt Rodgers to third
Manny Torrez to second
Batting: RHB Nate Atkinson 0-0: Called Strike
0-1: Ball
1-1: Ball
2-1: Ball
3-1: Foul Ball, location: 2F
3-2: Foul Ball, location: 2F
3-2: Ground out 6-3 (Groundball, 6M)
Bottom of the 5th over - 4 run(s), 3 hit(s), 1 error(s), 2 left on base; La Crosse 2 - San Diego 6
TOP OF THE 6TH
La Crosse Loggers batting - Pitching for San Diego Smashers : LHP Sloan Sanders
Batting: RHB Danny Campbell 0-0: Ball
1-0: Called Strike
1-1: Ball
2-1: Fly out, F7 (Line Drive, 78D)
Batting: LHB Jeff Forsyth 0-0: Called Strike
0-1: Ball
1-1: Foul Ball, location: 2F
1-2: Strikes out swinging
Batting: RHB Júlio Sánchez 0-0: Swinging Strike
0-1: Called Strike
0-2: SINGLE (Groundball, 56D)
Batting: LHB Ralph Cobb 0-0: Fly out, F9 (Line Drive, 9S)
Top of the 6th over - 0 run(s), 1 hit(s), 0 error(s), 1 left on base; La Crosse 2 - San Diego 6
BOTTOM OF THE 6TH
San Diego Smashers batting - Pitching for La Crosse Loggers : RHP Christian Adkins
Pitching: RHP Willie Alexander
Batting: LHB Michael Myers 0-0: Foul Ball, location: 2F
0-1: Ball
1-1: Foul Ball, location: 2F
1-2: Ball
2-2: Foul Ball, location: 2F
2-2: Ball
3-2: SOLO HOME RUN (Flyball, 9LD), Distance : 351 ft
Batting: LHB Jaime Icaza 0-0: Called Strike
0-1: Ball
1-1: Ball
2-1: Ball
3-1: Base on Balls
Batting: RHB Ricardo Guzmán 0-0: Called Strike
Jaime Icaza is caught stealing 2nd base
0-1: Ball
1-1: Called Strike
1-2: Ball
2-2: Ground out 6-3 (Groundball, 6S)
Batting: LHB Ken Phillips 0-0: Ball
1-0: Ball
2-0: Swinging Strike
2-1: Called Strike
2-2: Strikes out swinging
Bottom of the 6th over - 1 run(s), 1 hit(s), 0 error(s), 0 left on base; La Crosse 2 - San Diego 7
TOP OF THE 7TH
La Crosse Loggers batting - Pitching for San Diego Smashers : LHP Sloan Sanders
Batting: RHB Manuel Pérez 0-0: Ball
1-0: Ball
2-0: Called Strike
2-1: Ball
3-1: Called Strike
3-2: Foul Ball, location: 2F
3-2: SINGLE (Groundball, 6MD)
Pitching: LHP Nesto Pérez
Batting: RHB Robert Acosta 0-0: Ball
1-0: Swinging Strike
1-1: Swinging Strike
1-2: Ball
2-2: Ball
3-2: Strikes out swinging
Batting: RHB Aurelio Cruz 0-0: Called Strike
0-1: Ball
1-1: Called Strike
1-2: Ground out 4-3 (Groundball, 4S)
Manuel Pérez to second
Batting: SHB Dave Henley 0-0: Ground out 4-3 (Groundball, 4)
Top of the 7th over - 0 run(s), 1 hit(s), 0 error(s), 1 left on base; La Crosse 2 - San Diego 7
BOTTOM OF THE 7TH
San Diego Smashers batting - Pitching for La Crosse Loggers : RHP Willie Alexander
Batting: RHB Gilberto Guzmán 0-0: Ball
1-0: Called Strike
1-1: Ball
2-1: Ground out 6-3 (Groundball, 6)
Batting: RHB Larry Turner 0-0: Ball
1-0: Ball
2-0: Ball
3-0: Base on Balls
Pitching: LHP Luis Alemán
Batting: SHB Walt Rodgers 0-0: Ball
1-0: Ball
2-0: Ball
3-0: Called Strike
3-1: Foul Ball, location: 2F
3-2: Base on Balls
Larry Turner to second
Batting: RHB Manny Torrez 0-0: Called Strike
0-1: Ball
1-1: Ball
2-1: Ball
3-1: Base on Balls
Larry Turner to third
Walt Rodgers to second
Batting: RHB Nate Atkinson 0-0: Ball
1-0: Swinging Strike
1-1: Called Strike
1-2: Foul Ball, location: 2F
1-2: Strikes out swinging
Batting: LHB Michael Myers 0-0: Called Strike
0-1: Ball
1-1: Foul Ball, location: 2F
1-2: Ball
2-2: SINGLE (Line Drive, 9LS)
Larry Turner scores
Walt Rodgers to third
Manny Torrez to second
Runner from 3rd tries for Home, SAFE, no throw
Batting: LHB Jaime Icaza 0-0: Called Strike
0-1: Fly out, F9 (Line Drive, 9D)
Bottom of the 7th over - 2 run(s), 1 hit(s), 0 error(s), 2 left on base; La Crosse 2 - San Diego 9
TOP OF THE 8TH
La Crosse Loggers batting - Pitching for San Diego Smashers : LHP Nesto Pérez
Batting: LHB Ramón Morales 0-0: Called Strike
0-1: Ball
1-1: SINGLE (Line Drive, 89M)
Batting: RHB Danny Campbell 0-0: Ball
1-0: Ground out 3-1 (Groundball, 34S)
Ramón Morales to second
Batting: LHB Jeff Forsyth 0-0: Swinging Strike
0-1: Ball
1-1: Swinging Strike
1-2: Strikes out swinging
Batting: RHB Júlio Sánchez 0-0: Called Strike
0-1: Ball
1-1: SINGLE (Flyball, 9LS)
Ramón Morales to third
Runner from 3rd tries for Home, SAFE, no throw
Batting: LHB Ralph Cobb 0-0: SINGLE (Line Drive, 4MD)
Júlio Sánchez to second
Batting: RHB Manuel Pérez 0-0: Ground out 3-1 (Groundball, 34)
Top of the 8th over - 1 run(s), 3 hit(s), 0 error(s), 2 left on base; La Crosse 3 - San Diego 9
BOTTOM OF THE 8TH
San Diego Smashers batting - Pitching for La Crosse Loggers : LHP Luis Alemán
Batting: RHB Ricardo Guzmán 0-0: Ball
1-0: Foul Ball, location: 2F
1-1: Swinging Strike
1-2: Foul Ball, location: 2F
1-2: Ball
2-2: Foul Ball, location: 2F
2-2: Ball
3-2: Base on Balls
Batting: LHB Ken Phillips 0-0: Called Strike
0-1: Ball
1-1: Foul Ball, location: 2F
1-2: Grounds into double play, 4-6-3 (Groundball, 34)
Batting: RHB Gilberto Guzmán 0-0: Ball
1-0: Called Strike
1-1: Foul Ball, location: 2F
1-2: SINGLE (Groundball, 34D)
Batting: RHB Larry Turner 0-0: Ball
1-0: Ball
2-0: Ball
3-0: Base on Balls
Gilberto Guzmán to second
Batting: SHB Walt Rodgers 0-0: Ball
1-0: Foul Ball, location: 2F
1-1: Ball
2-1: Foul Ball, location: 2F
2-2: Ball
3-2: Ground out 6-3 (Groundball, 6M)
Bottom of the 8th over - 0 run(s), 1 hit(s), 0 error(s), 2 left on base; La Crosse 3 - San Diego 9
TOP OF THE 9TH
La Crosse Loggers batting - Pitching for San Diego Smashers : LHP Nesto Pérez
Now at 1B: Fred Ameris
Batting: RHB Robert Acosta 0-0: Foul Ball, location: 2F
0-1: SINGLE (Groundball, 56D)
Batting: RHB Aurelio Cruz 0-0: Ball
1-0: Called Strike
1-1: Fly out, F9 (Flyball, 9LM)
Batting: SHB Dave Henley 0-0: Called Strike
0-1: Ball
1-1: Called Strike
1-2: Strikes out swinging
Batting: LHB Ramón Morales 0-0: Ball
1-0: Called Strike
1-1: SINGLE (Line Drive, 56)
Robert Acosta to second
Runner from 2nd tries for 3rd, SAFE, no throw
Pinch Runner at 3rd José González:
Batting: RHB Danny Campbell 0-0: Ball
1-0: Ground out U3 (Groundball, 3)
Top of the 9th over - 0 run(s), 2 hit(s), 0 error(s), 2 left on base; La Crosse 3 - San Diego 9
Thursday, March 30th, 2017 - OOTP Baseball 17.12 Build 75